 Dungeon Crawl Stone Soup version 0.27.1-16-g815e20cd7a (webtiles) character file.

Game seed: 9136378439371980668

2539 pkoi the Destroyer (level 9, -6/62 HPs)
             Began as a Black Draconian Conjurer on Nov 23, 2021.
             Was a Follower of Vehumet.
             Mangled by Harold (21 damage)
             ... on level 7 of the Dungeon.
             The game lasted 00:11:46 (8460 turns).

pkoi the Destroyer (Black Draconian Conjurer)       Turns: 8460, Time: 00:11:47

Health: -6/62      AC:  7    Str:  9    XL:     9   Next: 30%
Magic:  7/15       EV: 12    Int: 24    God:    Vehumet [*.....]
Gold:   320        SH:  0    Dex: 10    Spells: 6/16 levels left

rFire    + . .     SeeInvis .   w - +9 dagger of Ethereal Cruel Justice {spect, rPois rF+ rC- Int+2}
rCold    x . .     Faith    .   (no shield)
rNeg     . . .     Spirit   .   (armour unavailable)
rPois    +         Reflect  .   (helmet restricted)
rElec    +         Harm     .   (no cloak)
rCorr    .         Rampage  .   (no gloves)
Will     .....                  (no boots)
Stlth    ++........             (no amulet)
HPRegen  0.20/turn              (no ring)
MPRegen  0.14/turn              (no ring)

@: marked
A: breathe lightning, AC +7, unfitting armour, electricity resistance,
cold-blooded
a: Breathe Lightning, Renounce Religion


You were on level 7 of the Dungeon.
You worshipped Vehumet.
Vehumet was aware of your devotion.
You visited 2 branches of the dungeon, and saw 8 of its levels.
You also visited: Ossuary.

You collected 320 gold pieces.

Inventory:

Hand Weapons
 a - a +0 dagger
 e - a +3 short sword of venom
 w - the +9 dagger of Ethereal Cruel Justice (weapon) {spect, rPois rF+ rC- Int+2}
   (You found it on level 6 of the Dungeon)

   When its wielder attacks, the weapon's spirit leaps out and strikes again.
   The spirit shares a part of any damage it takes with its wielder.
   Int:       It affects your intelligence (+2).
   rF:        It protects you from fire.
   rC:        It makes you vulnerable to cold.
   rPois:     It protects you from poison.
Missiles
 y - 2 throwing nets
Jewellery
 d - an amulet of faith
 i - a ring of ice
Wands
 l - a wand of flame (45)
 n - a wand of charming (5)
 u - a wand of polymorph (9)
 x - a wand of paralysis (10)
Scrolls
 b - 5 scrolls of identify
 c - 2 scrolls of fog
 f - a scroll of magic mapping
 o - 3 scrolls of teleportation
 p - a scroll of fear
 r - a scroll of blinking
 t - a scroll of enchant weapon
Potions
 g - 2 potions of magic
 h - a potion of curing
 j - 3 potions of might
 k - 3 potions of heal wounds
 m - a potion of mutation {unknown}
 q - 3 potions of degeneration {unknown}
 s - a potion of invisibility
 v - 3 potions of lignification {unknown}


   Skills:
 - Level 1.7 Dodging
 - Level 1.7 Stealth
 - Level 4.0 Spellcasting
 + Level 9.9 Conjurations
 + Level 5.5 Translocations
 + Level 5.5 Air Magic
 - Level 2.4 Poison Magic


You had 6 spell levels left.
You knew the following spells:

 Your Spells              Type           Power      Damage    Failure   Level
a - Magic Dart            Conj           100%       1d8       1%          1
b - Searing Ray           Conj           100%       3d7       1%          2
c - Iskenderun's Mystic   Conj/Tloc      41%        2d9       4%          4
d - Mephitic Cloud        Conj/Pois/Air  33%        N/A       2%          3

Your spell library contained the following spells:

 Spells                   Type           Power      Damage    Failure   Level
 Foxfire                  Conj/Fire      100%       2x1d9     1%          1
 Dazzling Flash           Conj/Hex       56%        N/A       3%          3
 Stone Arrow              Conj/Erth      56%        3d10      3%          3
 Portal Projectile        Hex/Tloc       36%        N/A       10%         3
 Fulminant Prism          Conj/Hex       14%        3d9       13%         4
 Call Imp                 Summ           4%         N/A       14%         2
 Call Canine Familiar     Summ           4%         N/A       28%         3
 Leda's Liquefaction      Hex/Erth       2%         N/A       67%         4
 Lehudib's Crystal Spear  Conj/Erth      14%        10d5      100%        8
 Animate Armour           Summ/Erth      Unusable   N/A       N/A         4

Dungeon Overview and Level Annotations

Branches:
Dungeon (7/15)             Temple (1/1) D:5         Ossuary (visited)

Altars:
Ashenzari
Cheibriados
Dithmenos
Elyvilon
Fedhas
Hepliaklqana
Kikubaaqudgha
Makhleb
Okawaru
Qazlal
Ru
Sif Muna
Trog
Uskayaw
Vehumet
Wu Jian
Xom
Zin
The Shining One

Shops:
D:5 [?

Annotations:
D:7 Harold


Innate Abilities, Weirdness & Mutations

You can breathe wild blasts of lightning.
Your glossy black scales are hard. (AC +7)
You cannot fit into any form of body armour.
You are resistant to electric shocks. (rElec)
You are cold-blooded and may be slowed by cold attacks.


Message History

Harold is moderately wounded.
The searing ray hits Harold.
Harold is moderately wounded.
The searing ray misses Harold.
You finish channeling your searing ray.
The bullfrog hits you.
Harold hits you from afar with a +0 glaive!
The bullfrog hits you. The bullfrog hits you. The bullfrog misses you.
Casting: Searing Ray (safe; 1% risk of failure)
Confirm with . or Enter, or press ? or * to list all spells.
Aiming: Searing Ray (safe; 1% risk of failure)
Press: ? - help, Shift-Dir - straight line, f/p - Harold
Aim: Harold, wielding a +0 glaive and wearing a +0 scale mail (moderately wounded, 90% to hit)
The searing ray hits the bullfrog!
The bullfrog is heavily wounded.
The searing ray hits Harold!
Harold is heavily wounded. (Press . to maintain the ray.)
An ogre comes into view. It is wielding a +0 giant spiked club.
The bullfrog barely misses you.
Harold hits you from afar with a +0 glaive!
A howler monkey comes into view.
The searing ray hits the bullfrog.
The bullfrog is almost dead.
The searing ray hits Harold.
Harold is heavily wounded.
The bullfrog closely misses you.
Harold hits you from afar with a +0 glaive!
* * * LOW HITPOINT WARNING * * *
The howler monkey hoots and howls with incredible vigour!
The bullfrog hits you.
* * * LOW HITPOINT WARNING * * *
The searing ray hits the bullfrog!
You kill the bullfrog!
Vehumet accepts your kill.
The searing ray hits Harold!
Harold is severely wounded.
Harold hits you from afar with a +0 glaive!!
You die...

###################
#######<@.@..Oh..........
#.........(..............
#.#.#################......
#####.#.#.# #.#####
....#.#.#.##### #######'####
....#.#.#.#...# ...........#
.(..#.#.#.#...# ...........#
....#.#.#.#...# ...........#
....#.#.#.#...#############@####


You could see Harold, an ogre and a howler monkey (catching breath).

Vanquished Creatures
  Sigmund (D:4)
  Edmund (D:4)
  2 water moccasins
  2 ice beasts (D:6)
  A sky beast (D:6)
  A black bear (D:7)
  An orc warrior (D:6)
  2 necrophages (D:6)
  A phantom (D:6)
  3 bullfrogs
  An elf zombie (Ossuary)
  2 scorpions
  A water moccasin zombie (D:6)
  5 killer bees (D:4)
  A bullfrog zombie (D:6)
  A centaur zombie (Ossuary)
  A jelly (D:6)
  3 bullfrog skeletons
  3 hounds
  A gnoll shaman (D:4)
  2 centaur skeletons
  3 iguanas
  An orc wizard (D:6)
  A hound skeleton (D:5)
  2 mummies (Ossuary)
  2 howler monkey zombies (D:6)
  7 gnolls
  8 adders
  A shadow imp (D:6)
  An adder zombie (Ossuary)
  2 worms
  3 dart slugs
  9 orcs
  4 ball pythons
  8 endoplasms
  A giant cockroach (D:1)
  7 hobgoblins
  4 jackals
  6 kobolds
  A quokka (D:2)
  2 bats
  5 frilled lizards
  3 goblins (D:3)
  18 hobgoblin zombies (Ossuary)
  3 jackal zombies (Ossuary)
  9 kobold zombies (Ossuary)
  2 orc zombies (Ossuary)
  6 rats
  2 rat zombies (Ossuary)
157 creatures vanquished.

Notes
Turn   | Place    | Note
-------+----------+-------------------------------------------
     0 | D:1      | pkoi the Draconian Conjurer began the quest for the Orb.
     0 | D:1      | Reached XP level 1. HP: 14/14 MP: 3/3
   465 | D:1      | Reached XP level 2. HP: 20/20 MP: 0/5
  1352 | D:2      | Reached XP level 3. HP: 26/26 MP: 3/6
  1600 | D:2      | Reached skill level 5 in Conjurations
  1946 | D:2      | Learned a level 2 spell: Searing Ray
  1990 | D:2      | Found a faded altar of an unknown god.
  2754 | D:3      | Found a blossoming altar of Fedhas.
  2761 | D:3      | Reached XP level 4. HP: 33/33 MP: 1/7
  3841 | D:4      | Reached skill level 6 in Conjurations
  3841 | D:4      | Reached XP level 5. HP: 38/38 MP: 3/10
  3842 | D:4      | Reached XP level 6. HP: 45/45 MP: 3/11
  3854 | D:4      | Noticed Edmund
  3885 | D:4      | Killed Edmund
  3886 | D:4      | Reached skill level 7 in Conjurations
  4128 | D:4      | Found a sand-covered staircase.
  4138 | Ossuary  | Entered an ossuary
  4350 | Ossuary  | Your scales start taking on a glossy black colour.
  4350 | Ossuary  | Reached XP level 7. HP: 33/50 MP: 5/13
  4350 | Ossuary  | Gained mutation: You are resistant to electric shocks.
                  | (rElec) [Black Draconian growth]
  4702 | D:4      | Reached skill level 8 in Conjurations
  4776 | D:4      | Learned a level 4 spell: Iskenderun's Mystic Blast
  4782 | D:4      | Noticed Sigmund
  5014 | D:4      | Reached skill level 1 in Translocations
  5544 | D:4      | Killed Sigmund
  5667 | D:4      | Learned a level 3 spell: Mephitic Cloud
  5815 | D:5      | Entered Level 5 of the Dungeon
  5917 | D:5      | Found a staircase to the Ecumenical Temple.
  5964 | Temple   | Entered the Ecumenical Temple
  6072 | Temple   | Became a worshipper of Vehumet
  6133 | D:5      | Found a shimmering blue altar of Sif Muna.
  6133 | D:5      | Found a shadowy altar of Dithmenos.
  6403 | D:5      | Reached skill level 1 in Air Magic
  6403 | D:5      | Reached skill level 1 in Poison Magic
  6403 | D:5      | Reached XP level 8. HP: 28/57 MP: 10/14
  6617 | D:5      | Found Kixkio's Magic Scroll Shop.
  7068 | D:5      | Found Jockuo Quuj's Armour Boutique.
  7228 | D:6      | Reached skill level 9 in Conjurations
  7527 | D:6      | Identified the +9 dagger of Ethereal Cruel Justice {spect,
                  | rPois rF+ rC- Int+2}
  7810 | D:6      | Reached XP level 9. HP: 30/62 MP: 9/15
  7815 | D:6      | Reached * piety under Vehumet
  7815 | D:6      | Offered knowledge of Foxfire by Vehumet.
  8067 | D:6      | Reached skill level 5 in Translocations
  8133 | D:7      | Reached skill level 5 in Air Magic
  8190 | D:7      | Noticed Harold
  8245 | D:7      | Found a white marble altar of Elyvilon.
  8460 | D:7      | Mangled by Harold

Illustrated notes

Levels and vault maps discovered:
D:1:      saegor_arrival_simple_b, layout_basic
D:2:      layout_basic, shapermc_ecumenical_altar_venn
D:3:      layout_loops_ring, mainiacjoe_overflow_small_starburst,
          hangedman_glass_teeth, kennysheep_boxes
D:4:      layout_loops_ring, enter_ossuary_1, uniq_edmund, uniq_sigmund
D:5:      layout_basic, amethyst_overflow_temple_binary,
          minmay_temple_entry_large_hall, serial_shops, shop_statue,
          nicolae_shop_behind_doors
D:6:      minmay_diamond_boxcup, layout_rooms, minmay_misc_feat_chi
D:7:      layout_basic, elyvilon_altar_5, uniq_harold
Temple:   regret_index_temple_waves

Skill      XL: |  1  2  3  4  5  6  7  8  9 |
---------------+----------------------------+-----
Conjurations   | 5 6 7 8 9 |  9.9
Spellcasting   | 3 4 |  4.0
Translocations | 3 4 5 |  5.5
Air Magic      | 1 4 5 |  5.5
Poison Magic   | 1 2 |  2.4
Dodging        | |  1.7
Stealth        | |  1.7

Action                   |  1- 3 |  4- 6 |  7- 9 || total
-------------------------+-------+-------+-------++-------
Melee: Dagger            |     6 |       |    42 ||    48
       Tailslap          |     2 |    13 |     9 ||    24
       Short sword       |     8 |    99 |    93 ||   200
 Cast: Magic Dart        |    81 |    28 |    83 ||   192
       Searing Ray       |       |     5 |     9 ||    14
       Mephitic Cloud    |       |       |     2 ||     2
 Abil: Breathe Lightning |       |       |     2 ||     2
  Use: Scroll            |       |     5 |     5 ||    10
 Stab: Sleeping          |       |     1 |     1 ||     2
Armor: Skin              |     2 |    66 |    50 ||   118
Dodge: Dodged            |    12 |   101 |   116 ||   229
